 Dungeon Crawl Stone Soup version 0.19-a0-1670-gc28a5d9 (webtiles) character file.

408 Alarkh the Grave Robber (level 6, -1/41 HPs)
             Began as a Mummy Necromancer on Sept 21, 2016.
             Was a Follower of Cheibriados.
             Slain by Grinder (4 damage)
             ... while paralysed by Grinder
             ... on level 3 of the Dungeon.
             The game lasted 00:06:49 (3077 turns).

Alarkh the Grave Robber (Mummy Necromancer)         Turns: 3077, Time: 00:06:50

Health: -1/41      AC:  5    Str: 13    XL:     6   Next: 57%
Magic:  6/13       EV:  2    Int: 19    God:    Cheibriados [*.....]
Gold:   120        SH:  0    Dex: 14    Spells: 2 memorised, 10 levels left

rFire  x . .     SeeInvis .     r - +0 falchion
rCold  + . .     Gourm    .     i - +0 robe
rNeg   + + +     Faith    .     (no shield)
rPois  ∞         Spirit   .     q - +0 helmet
rElec  .         Dismiss  .     c - +0 cloak
rCorr  .         Reflect  .     k - +0 pair of gloves
MR     .....     Harm     .     (no boots)
Stlth  ++........               (no amulet)
                                (no ring)
                                (no ring)

@: paralysed, very slow
A: no food or potions, fire vulnerability, cold resistance 1, negative energy
resistance 3, torment resistance, unbreathing
a: Bend Time, Renounce Religion


You were on level 3 of the Dungeon.
You worshipped Cheibriados.
Cheibriados was aware of your devotion.
You were not hungry.

You visited 1 branch of the dungeon, and saw 3 of its levels.

You collected 120 gold pieces.

Inventory:

Hand Weapons
 a - a +0 vampiric spear
 d - a +0 short sword
 r - a +0 falchion (weapon)
Armour
 c - a +0 cloak (worn)
 i - a +0 robe (worn)
 k - a +0 pair of gloves (worn)
 m - a +0 helmet
 q - a +0 helmet (worn)
Wands
 p - a wand of flame (20/48)
Scrolls
 e - a scroll of identify
 f - a scroll of magic mapping
 g - a scroll of immolation
 h - 2 scrolls of enchant weapon
 j - a scroll of amnesia
 l - a scroll of teleportation
 n - 2 scrolls of recharging {unknown}
 o - a scroll of noise {unknown}
Books
 b - a book of Necromancy

   Spells                             Type                      Level
   a - Pain                           Necromancy                   1
   b - Animate Skeleton               Necromancy                   1
   c - Vampiric Draining              Necromancy                   3
   d - Regeneration                   Charms/Necromancy            3
   e - Animate Dead                   Necromancy                   4
   f - Control Undead                 Necromancy                   4


   Skills:
 - Level 1.5 Dodging
 - Level 1.5 Stealth
 + Level 4.9 Spellcasting
 + Level 6.2 Necromancy


You had 10 spell levels left.
You knew the following spells:

 Your Spells              Type           Power        Failure   Level  Hunger
a - Pain                  Necr           ####         1%          1    N/A
b - Vampiric Draining     Necr           ####......   3%          3    N/A

Dungeon Overview and Level Annotations

Branches:
Dungeon (3/15)

Altars:
Cheibriados
Makhleb
Ru
The Shining One

Annotations:
D:3 Grinder; st0uf's ghost, amateur GrBe


Innate Abilities, Weirdness & Mutations

You do not eat or drink.
Your flesh is vulnerable to fire.
You are immune to poison.
Your flesh is cold resistant. (rC+)
You are immune to negative energy. (rN+++)
You are immune to unholy pain and torment.
You can survive without breathing.


Message History

You hit Grinder.
Grinder is severely wounded.
Grinder misses you.
You barely miss Grinder.
Grinder is severely wounded.
Grinder hits you but does no damage. Grinder gestures at you.
You resist with some effort.
You slash Grinder!
Grinder is almost dead.
Grinder hits you.
* * * LOW HITPOINT WARNING * * *
You hit Grinder.
Grinder is almost dead.
Grinder gestures at you.
You suddenly lose the ability to move!
Grinder hits you.
* * * LOW HITPOINT WARNING * * *
Grinder hits you.
You die...

#.# #.#...##...# #.#.#.#
#.# #..........# # .5# #
#.# ####.###...# ... #.#
#.# ##### .## #.#####
##'## ......# ##...##
#.###.###.....## ##### #
#.## ##.......###....#.#
...##.#.........@.......#
......'.........5)#.....#
...##.#..........#_# ...
......##..........#...#.
###### ##.....##......# #
##...########## ##'######
#......# #..###.#


You could see Grinder.

Vanquished Creatures
  Sigmund (D:3)
  An orc priest (D:3)
  An orc wizard (D:3)
  Robin (D:3)
  4 gnolls
  5 adders (D:2)
  An ooze (D:2)
  2 worms
  4 dart slugs
  A leopard gecko (D:3)
  4 orcs (D:3)
  2 giant cockroaches
  13 goblins
  7 hobgoblins
  4 jackals (D:1)
  A quokka (D:2)
  8 bats
  2 frilled lizards
  6 kobolds
  8 rats
76 creatures vanquished.

Notes
Turn   | Place    | Note
-------+----------+-------------------------------------------
     0 | D:1      | Alarkh the Mummy Necromancer began the quest for the Orb.
     0 | D:1      | Reached XP level 1. HP: 13/13 MP: 3/3
   241 | D:1      | Reached XP level 2. HP: 11/19 MP: 0/5
   735 | D:1      | Found a glowing golden altar of the Shining One.
   745 | D:1      | Reached XP level 3. HP: 24/24 MP: 5/7
   984 | D:1      | Learned a level 3 spell: Vampiric Draining
  1033 | D:2      | Reached XP level 4. HP: 17/30 MP: 0/8
  1342 | D:2      | Reached skill level 5 in Necromancy
  1906 | D:3      | Noticed st0uf's ghost (amateur GrBe)
  1949 | D:3      | Found a sacrificial altar of Ru.
  1965 | D:3      | Reached XP level 5. HP: 35/35 MP: 5/10
  2114 | D:3      | Noticed Grinder
  2124 | D:3      | Paralysed by Grinder for 5 turns
  2384 | D:3      | Found a burning altar of Makhleb.
  2402 | D:3      | Noticed Robin
  2413 | D:3      | Killed Robin
  2697 | D:3      | Noticed Sigmund
  2785 | D:3      | Killed Sigmund
  2785 | D:3      | Reached skill level 6 in Necromancy
  2785 | D:3      | Reached XP level 6. HP: 29/41 MP: 3/13
  3025 | D:3      | Paralysed by Grinder for 2 turns
  3052 | D:3      | Found a faded altar of an unknown god.
  3062 | D:3      | Became a worshipper of Cheibriados the Contemplative
  3062 | D:3      | Reached * piety under Cheibriados
  3075 | D:3      | Paralysed by Grinder for 7 turns
  3077 | D:3      | Slain by Grinder

Vault maps used:
D:1:      denvon_arrival_waterhouse, corexii_corridor_pit, tso_metal_star
D:2:      first_bread
D:3:      lemuel_crystal_altar, nicolae_ru_awakened_eye, ecumenical_altar_1,
          uniq_robin, uniq_grinder, uniq_sigmund

Skill      XL: |  1  2  3  4  5 |
---------------+----------------+-----
Spellcasting   | 3 4 |  4.9
Necromancy     | 5 6 |  6.2
Dodging        | |  1.5
Stealth        | |  1.5

Action                   |  1- 3 |  4- 6 || total
-------------------------+-------+-------++-------
Melee: Unarmed           |     4 |       ||     4
       Short sword       |    18 |       ||    18
       Spear             |       |   118 ||   118
       Falchion          |       |    23 ||    23
 Cast: Pain              |    47 |    79 ||   126
       Vampiric Draining |       |     1 ||     1
Invok: Bend Time         |       |     3 ||     3
  Use: Scroll            |       |     5 ||     5
 Stab: Sleeping          |       |     3 ||     3
Armor: Robe              |    14 |    31 ||    45
Dodge: Dodged            |    25 |    98 ||   123
